 Dungeon Crawl Stone Soup version 0.29.0-13-gc9e81de378 (webtiles) character file.

Game seed: 10739405907792635967

5 sanka the Caller (level 1, -1/14 HPs)
             Began as a Ghoul Summoner on Sept 9, 2022.
             Slain by a goblin
             ... wielding a +0 vampiric dagger
              (4 damage)
             ... on level 1 of the Dungeon.
             The game lasted 00:00:35 (241 turns).

sanka the Caller (Ghoul Summoner)                    Turns: 241, Time: 00:00:36

Health: -1/14      AC:  2    Str: 11    XL:     1   Next: 80%
Magic:  0/2        EV: 12    Int: 10    God:
Gold:   15         SH:  0    Dex:  9    Spells: 3/4 levels left

rFire   . . .      SeeInvis .   (no weapon)
rCold   + . .      Faith    .   (no shield)
rNeg    + + +      Spirit   .   a - +0 robe
rPois   ∞          Reflect  .   (no helmet)
rElec   .          Harm     .   (no cloak)
rCorr   .          Rampage  .   (no gloves)
Will    .....                   (no boots)
Stlth   ++........              (no amulet)
HPRegen 0.00/turn               (no ring)
MPRegen 0.08/turn               (no ring)

@: inhibited regen
A: claws 1, cold resistance 1, negative energy resistance 3, inhibited
regeneration, torment resistance 2, devour on kill
a: no special abilities


You were on level 1 of the Dungeon.
You visited 1 branch of the dungeon, and saw 1 of its levels.

You collected 15 gold pieces.


Innate Abilities, Weirdness & Mutations

You are immune to poison.
You have sharp fingernails.
Your flesh is cold resistant. (rC+)
You are immune to negative energy. (rN+++)
You do not regenerate when monsters are visible.
You are immune to unholy pain and torment.
You thrive by killing the living.


   Skills:
 - Level 1.7 Dodging
 - Level 2.1 Stealth
 - Level 2.0 Spellcasting
 + Level 3.8 Summonings


You had 3 spell levels left.
You knew the following spells:

 Your Spells              Type           Power      Damage    Failure   Level
z - Summon Small Mammal   Summ           32%        N/A       7%          1

Your spell library contained the following spells:

 Spells                   Type           Power      Damage    Failure   Level
 Call Imp                 Summ           8%         N/A       10%         2
 Call Canine Familiar     Summ           8%         N/A       21%         3
 Summon Guardian Golem    Hex/Summ       4%         N/A       41%         3
 Summon Lightning Spire   Summ/Air       4%         N/A       82%         4

Inventory:

Armour
 a - a +0 robe (worn)
Potions
 b - a potion of magic

Dungeon Overview and Level Annotations

Branches:
Dungeon (1/15)

Altars:

▒▒▒▒▒▒▒.▒ ▒▒▒▒▒▒.▒.▒.▒▒.
........▒▒▒▒.....▒.▒.▒▒.
........'...............
▒▒▒▒....▒▒▒▒...▒▒.......
▒▒▒▒▒▒▒.▒▒.▒▒▒▒▒▒.▒▒.......
...................+.......
▒▒▒▒▒▒▒.▒▒▒▒▒▒▒▒▒▒.▒.......
▒....▒ .▒▒▒▒+▒▒▒
▒▒▒▒n▒▒▒▒▒▒▒.▒
▒..gbr.....▒.▒ ▒▒▒▒▒
▒....#.....+ ▒...▒▒
▒..........▒ ▒.8...
▒.......▒▒+▒ ▒...▒▒
▒......... ▒▒.▒▒
▒.......... ▒...▒▒
▒........... ▒.<...
▒......▒.... ▒...▒▒


You could see a quokka, a goblin and a bat.


Message History

Your rat closely misses the quokka.
You scratch the quokka but do no damage.
The quokka is severely wounded.
The quokka completely misses you.
The goblin hits you with a +0 vampiric dagger.
Your rat closely misses the quokka.
You miss the quokka.
The quokka is heavily wounded.
The bat hits your rat. The quokka barely misses you.
The goblin hits you with a +0 vampiric dagger.
Your rat closely misses the quokka.
You closely miss the quokka.
The quokka is heavily wounded.
The quokka closely misses you. The goblin barely misses you.
The bat hits your rat but does no damage.
Your rat barely misses the quokka.
You closely miss the quokka.
The quokka is heavily wounded.
The quokka bites you.
* * * LOW HITPOINT WARNING * * *
The goblin hits you with a +0 vampiric dagger.
* * * LOW HITPOINT WARNING * * *
The bat hits your rat.
Your rat dies!
The quokka closely misses you. The bat closely misses you.
The goblin hits you with a +0 vampiric dagger.
You die...

Action                   || total
-------------------------++-------
Melee: Unarmed           ||    19
       Punch             ||     1
 Cast: Summon Small Mamm ||    11
Dodge: Dodged            ||    16

Levels and vault maps discovered:
D:1:      minmay_arrival_nine_rooms, layout_basic, basic_ecumenical_altar

Notes
Turn   | Place    | Note
-------+----------+-------------------------------------------
     0 | D:1      | sanka the Ghoul Summoner began the quest for the Orb.
     0 | D:1      | Reached XP level 1. HP: 14/14 MP: 2/2
   153 | D:1      | Reached skill level 2 in Spellcasting
   241 | D:1      | Slain by a goblin

Vanquished Creatures
  A giant cockroach (D:1)
  A goblin (D:1)
  A kobold (D:1)
  A rat (D:1)
4 creatures vanquished.

Vanquished Creatures (collateral kills)
  A rat (D:1)
1 creature vanquished.

Grand Total: 5 creatures vanquished
